Workbook

Sheet PPTO
G1: MUNICIPIO DE VILLAVICENCIO | J1: 1010-F-GCT-45-V2
G2: PROCESO DE GESTIÓN DE LA CONTRATACIÓN | J2: VIGENCIA 09/01/2014
G3: FORMATO PRESUPUESTO OFICIAL | J3: PAGINA 1 DE 1
E5: PRESUPUESTO OFICIAL
H7: DD MM AAAA
E8: FECHA DE ELABORACION: | H8: 44823
E9: OBJETO: | H9: RECONSTRUCCIÓN TOTAL DE LA INSTITUCIÓN EDUCATIVA ALFONSO LÓPEZ PUMAREJO SEDE PRINCIPAL DEL MUNICIPIO DE VILLAVICENCIO - META
E10: TERMINO DE EJECUCION: | H10: 13 MESES y 15 DIAS
E11: DIRECCION; | H11: KM 26 VIA PUERTO LOPEZ- VDA POMPEYA
B12: Nº | C12: ESPECIFICACIONES GENERAL | D12: ESPECIFICACIONES PARTICULAR | E12: ITEM | F12: CÓDIGO UNSPSC | G12: DESCRIPCIÓN | H12: UNDIDAD DE MEDIDA | I12: CANTIDAD | J12: VALOR UNITARIO | K12: VALOR TOTAL
E13: 1 | G13: DEMOLICIONES Y PRELIMINARES
E14: 1.1 | G14: DEMOLICIONES GENERALES
B15: 1 | C15: =+IFERROR(VLOOKUP(PPTO!$D15,'[1]ANEXO 2 LIST PRECIOS RESUMI'!$A$11:$O$2502,2,0),0) -> A 029.001.225 | D15: 1875 | E15: 1.1.1 | G15: =+VLOOKUP(PPTO!$D15,'[1]ANEXO 2 LIST PRECIOS RESUMI'!$A$11:$O$2502,10,0) -> DEMOLICIÓN DE EDIFICACIONES INCLUYE: (MUROS, ESTRUCT. CONFINAM, CUBIERTA,DESMONTESAPARATOS, CARP, Y RETIROS SOBRANTES) | H15: =+VLOOKUP(PPTO!$D15,'[1]ANEXO 2 LIST PRECIOS RESUMI'!$A$11:$O$2502,11,0) -> M2 | I15: 2493.31 | J15: =+VLOOKUP(PPTO!$D15,'[1]ANEXO 2 LIST PRECIOS RESUMI'!$A$11:$O$2502,15,0) -> 88962 | K15: =+ROUND(I15*J15,0.1) -> 221809844
B16: 2 | C16: =+IFERROR(VLOOKUP(PPTO!$D16,'[1]ANEXO 2 LIST PRECIOS RESUMI'!$A$11:$O$2502,2,0),0) -> A 029.001.226 | D16: 1876 | E16: 1.1.2 | G16: =+VLOOKUP(PPTO!$D16,'[1]ANEXO 2 LIST PRECIOS RESUMI'!$A$11:$O$2502,10,0) -> DEMOLICIÓN PLACAS PISO E=0.10M INC CARGUE MANUAL, RETIRO 5 KM | H16: =+VLOOKUP(PPTO!$D16,'[1]ANEXO 2 LIST PRECIOS RESUMI'!$A$11:$O$2502,11,0) -> M2 | I16: 3504.18 | J16: =+VLOOKUP(PPTO!$D16,'[1]ANEXO 2 LIST PRECIOS RESUMI'!$A$11:$O$2502,15,0) -> 24282 | K16: =+ROUND(I16*J16,0.1) -> 85088499
E17: 2 | G17: ACONDICIONAMIENTO DEL TERRENO
E18: 2.1 | G18: LOCALIZACION Y REPLOANTEO
B19: 3 | C19: =+IFERROR(VLOOKUP(PPTO!$D19,'[1]ANEXO 2 LIST PRECIOS RESUMI'!$A$11:$O$2502,2,0),0) -> A 001.001.004 | D19: 2110 | E19: 2.1.1 | G19: =+VLOOKUP(PPTO!$D19,'[1]ANEXO 2 LIST PRECIOS RESUMI'!$A$11:$O$2502,10,0) -> LOCALIZACION TOPOGRAFICA (sardineles y redes) | H19: =+VLOOKUP(PPTO!$D19,'[1]ANEXO 2 LIST PRECIOS RESUMI'!$A$11:$O$2502,11,0) -> ML | I19: 756.75 | J19: =+VLOOKUP(PPTO!$D19,'[1]ANEXO 2 LIST PRECIOS RESUMI'!$A$11:$O$2502,15,0) -> 1628 | K19: =+ROUND(I19*J19,0.1) -> 1231989
B20: 4 | C20: =+IFERROR(VLOOKUP(PPTO!$D20,'[1]ANEXO 2 LIST PRECIOS RESUMI'!$A$11:$O$2502,2,0),0) -> A 001.001.005 | D20: 2111 | E20: 2.1.2 | G20: =+VLOOKUP(PPTO!$D20,'[1]ANEXO 2 LIST PRECIOS RESUMI'!$A$11:$O$2502,10,0) -> LOCALIZACION Y NIVELACION TOPOGRAFICA PARA VIAS (excavacion y conformacion de banca - ancho de calzada 6-8m) | H20: =+VLOOKUP(PPTO!$D20,'[1]ANEXO 2 LIST PRECIOS RESUMI'!$A$11:$O$2502,11,0) -> ML | I20: 377.1 | J20: =+VLOOKUP(PPTO!$D20,'[1]ANEXO 2 LIST PRECIOS RESUMI'!$A$11:$O$2502,15,0) -> 7052 | K20: =+ROUND(I20*J20,0.1) -> 2659309
B21: 5 | C21: =+IFERROR(VLOOKUP(PPTO!$D21,'[1]ANEXO 2 LIST PRECIOS RESUMI'!$A$11:$O$2502,2,0),0) -> A 001.001.006 | D21: 2112 | E21: 2.1.3 | G21: =+VLOOKUP(PPTO!$D21,'[1]ANEXO 2 LIST PRECIOS RESUMI'!$A$11:$O$2502,10,0) -> TRAZADO Y REPLANTEO ARQUIT | H21: =+VLOOKUP(PPTO!$D21,'[1]ANEXO 2 LIST PRECIOS RESUMI'!$A$11:$O$2502,11,0) -> M2 | I21: 6154.56 | J21: =+VLOOKUP(PPTO!$D21,'[1]ANEXO 2 LIST PRECIOS RESUMI'!$A$11:$O$2502,15,0) -> 4158 | K21: =+ROUND(I21*J21,0.1) -> 25590660
E22: 2.2 | G22: DESCAPOTES MAQ./MANUAL
B23: 6 | C23: =+IFERROR(VLOOKUP(PPTO!$D23,'[1]ANEXO 2 LIST PRECIOS RESUMI'!$A$11:$O$2502,2,0),0) -> A 001.004.003 | D23: 2113 | E23: 2.2.1 | G23: =+VLOOKUP(PPTO!$D23,'[1]ANEXO 2 LIST PRECIOS RESUMI'!$A$11:$O$2502,10,0) -> DESCAPOTE MECANICO.e= < 0.2m,lnc retiro.5 kms | H23: =+VLOOKUP(PPTO!$D23,'[1]ANEXO 2 LIST PRECIOS RESUMI'!$A$11:$O$2502,11,0) -> M2 | I23: 4708.56 | J23: =+VLOOKUP(PPTO!$D23,'[1]ANEXO 2 LIST PRECIOS RESUMI'!$A$11:$O$2502,15,0) -> 13148 | K23: =+ROUND(I23*J23,0.1) -> 61908147
B24: 7 | C24: =+IFERROR(VLOOKUP(PPTO!$D24,'[1]ANEXO 2 LIST PRECIOS RESUMI'!$A$11:$O$2502,2,0),0) -> A 001.004.002 | D24: 54 | E24: 2.2.2 | G24: =+VLOOKUP(PPTO!$D24,'[1]ANEXO 2 LIST PRECIOS RESUMI'!$A$11:$O$2502,10,0) -> DESCAPOTE MANUAL INC RETIRO | H24: =+VLOOKUP(PPTO!$D24,'[1]ANEXO 2 LIST PRECIOS RESUMI'!$A$11:$O$2502,11,0) -> M2 | I24: 399.68 | J24: =+VLOOKUP(PPTO!$D24,'[1]ANEXO 2 LIST PRECIOS RESUMI'!$A$11:$O$2502,15,0) -> 7932 | K24: =+ROUND(I24*J24,0.1) -> 3170262
B25: 8 | C25: =+IFERROR(VLOOKUP(PPTO!$D25,'[1]ANEXO 2 LIST PRECIOS RESUMI'!$A$11:$O$2502,2,0),0) -> A 001.004.001 | D25: 53 | E25: 2.2.3 | G25: =+VLOOKUP(PPTO!$D25,'[1]ANEXO 2 LIST PRECIOS RESUMI'!$A$11:$O$2502,10,0) -> DESCAPOTE MECANICO.e= <o= 0.15m,lnc retiro.5 kms | H25: =+VLOOKUP(PPTO!$D25,'[1]ANEXO 2 LIST PRECIOS RESUMI'!$A$11:$O$2502,11,0) -> M2 | I25: 6211.56 | J25: =+VLOOKUP(PPTO!$D25,'[1]ANEXO 2 LIST PRECIOS RESUMI'!$A$11:$O$2502,15,0) -> 8947 | K25: =+ROUND(I25*J25,0.1) -> 55574827
B26: 9 | C26: A 026.003.061 | D26: 731 | E26: 2.2.4 | G26: =+VLOOKUP(PPTO!$D26,'[1]ANEXO 2 LIST PRECIOS RESUMI'!$A$11:$O$2502,10,0) -> TALA ARBOL CLASE II 5m<H<10m inc. transp5km, desen | H26: =+VLOOKUP(PPTO!$D26,'[1]ANEXO 2 LIST PRECIOS RESUMI'!$A$11:$O$2502,11,0) -> UN | I26: 9 | J26: =+VLOOKUP(PPTO!$D26,'[1]ANEXO 2 LIST PRECIOS RESUMI'!$A$11:$O$2502,15,0) -> 268564 | K26: =+ROUND(I26*J26,0.1) -> 2417076
B27: 10 | C27: A 026.003.062 | D27: 732 | E27: 2.2.5 | G27: =+VLOOKUP(PPTO!$D27,'[1]ANEXO 2 LIST PRECIOS RESUMI'!$A$11:$O$2502,10,0) -> TALA ARBOL CLASE III 10m<H<20m inc. transp5km, des | H27: =+VLOOKUP(PPTO!$D27,'[1]ANEXO 2 LIST PRECIOS RESUMI'!$A$11:$O$2502,11,0) -> UN | I27: 62 | J27: =+VLOOKUP(PPTO!$D27,'[1]ANEXO 2 LIST PRECIOS RESUMI'!$A$11:$O$2502,15,0) -> 424796 | K27: =+ROUND(I27*J27,0.1) -> 26337352
B28: 11 | C28: A 026.003.063 | D28: 733 | E28: 2.2.6 | G28: =+VLOOKUP(PPTO!$D28,'[1]ANEXO 2 LIST PRECIOS RESUMI'!$A$11:$O$2502,10,0) -> TALA ARBOL CLASE IV 20m<H<30m inc. transp5km, dese | H28: =+VLOOKUP(PPTO!$D28,'[1]ANEXO 2 LIST PRECIOS RESUMI'!$A$11:$O$2502,11,0) -> UN | I28: 10 | J28: =+VLOOKUP(PPTO!$D28,'[1]ANEXO 2 LIST PRECIOS RESUMI'!$A$11:$O$2502,15,0) -> 692315 | K28: =+ROUND(I28*J28,0.1) -> 6923150
E29: 2.3 | G29: EXCAVACIONES
B30: =+B28+1 -> 12 | C30: =+IFERROR(VLOOKUP(PPTO!$D30,'[1]ANEXO 2 LIST PRECIOS RESUMI'!$A$11:$O$2502,2,0),0) -> V 003.002.004 | D30: 1414 | E30: 2.3.1 | G30: =+VLOOKUP(PPTO!$D30,'[1]ANEXO 2 LIST PRECIOS RESUMI'!$A$11:$O$2502,10,0) -> EXCAV MECAN INC RETIRO DE SOBRANTES(xa cajas vías- | H30: =+VLOOKUP(PPTO!$D30,'[1]ANEXO 2 LIST PRECIOS RESUMI'!$A$11:$O$2502,11,0) -> M3 | I30: 2168.65 | J30: =+VLOOKUP(PPTO!$D30,'[1]ANEXO 2 LIST PRECIOS RESUMI'!$A$11:$O$2502,15,0) -> 42747 | K30: =+ROUND(I30*J30,0.1) -> 92703282
B31: 13 | C31: =+IFERROR(VLOOKUP(PPTO!$D31,'[1]ANEXO 2 LIST PRECIOS RESUMI'!$A$11:$O$2502,2,0),0) -> A 002.001.004 | D31: 2114 | E31: 2.3.2 | G31: =+VLOOKUP(PPTO!$D31,'[1]ANEXO 2 LIST PRECIOS RESUMI'!$A$11:$O$2502,10,0) -> EXCAVA. MANUAL VIAS CONGLOMER 0,20M. Incl retiro 5 km | H31: =+VLOOKUP(PPTO!$D31,'[1]ANEXO 2 LIST PRECIOS RESUMI'!$A$11:$O$2502,11,0) -> M3 | I31: 197.6 | J31: =+VLOOKUP(PPTO!$D31,'[1]ANEXO 2 LIST PRECIOS RESUMI'!$A$11:$O$2502,15,0) -> 37940 | K31: =+ROUND(I31*J31,0.1) -> 7496944
B32: 14 | C32: =+IFERROR(VLOOKUP(PPTO!$D32,'[1]ANEXO 2 LIST PRECIOS RESUMI'!$A$11:$O$2502,2,0),0) -> V 003.002.013 | D32: 1819 | E32: 2.3.3 | G32: =+VLOOKUP(PPTO!$D32,'[1]ANEXO 2 LIST PRECIOS RESUMI'!$A$11:$O$2502,10,0) -> EXCAVACIÓN MECÁNICA EN CONGLOMERADO HUMEDO H < 4.0M | H32: =+VLOOKUP(PPTO!$D32,'[1]ANEXO 2 LIST PRECIOS RESUMI'!$A$11:$O$2502,11,0) -> M3 | I32: 4542.19 | J32: =+VLOOKUP(PPTO!$D32,'[1]ANEXO 2 LIST PRECIOS RESUMI'!$A$11:$O$2502,15,0) -> 34344 | K32: =+ROUND(I32*J32,0.1) -> 155996973
B33: 15 | C33: =+IFERROR(VLOOKUP(PPTO!$D33,'[1]ANEXO 2 LIST PRECIOS RESUMI'!$A$11:$O$2502,2,0),0) -> A 002.001.001 | D33: 72 | E33: 2.3.4 | G33: =+VLOOKUP(PPTO!$D33,'[1]ANEXO 2 LIST PRECIOS RESUMI'!$A$11:$O$2502,10,0) -> EXCAV. SECAS CONGLOMDO MANUAL. Incl. retiro 5 kms | H33: =+VLOOKUP(PPTO!$D33,'[1]ANEXO 2 LIST PRECIOS RESUMI'!$A$11:$O$2502,11,0) -> M3 | I33: 144.55 | J33: =+VLOOKUP(PPTO!$D33,'[1]ANEXO 2 LIST PRECIOS RESUMI'!$A$11:$O$2502,15,0) -> 67710 | K33: =+ROUND(I33*J33,0.1) -> 9787481
B34: 16 | C34: =+IFERROR(VLOOKUP(PPTO!$D34,'[1]ANEXO 2 LIST PRECIOS RESUMI'!$A$11:$O$2502,2,0),0) -> A 002.002.007 | D34: 2115 | E34: 2.3.5 | G34: =+VLOOKUP(PPTO!$D34,'[1]ANEXO 2 LIST PRECIOS RESUMI'!$A$11:$O$2502,10,0) -> EXCAVACION MECANICA EN CONGLOMER TERRAC. Inc retiro 5 km | H34: =+VLOOKUP(PPTO!$D34,'[1]ANEXO 2 LIST PRECIOS RESUMI'!$A$11:$O$2502,11,0) -> M3 | I34: 2544 | J34: =+VLOOKUP(PPTO!$D34,'[1]ANEXO 2 LIST PRECIOS RESUMI'!$A$11:$O$2502,15,0) -> 46230 | K34: =+ROUND(I34*J34,0.1) -> 117609120
E35: 2.4 | G35: RELLENOS, EXPLANACION, RETIROS
B36: 17 | C36: =+IFERROR(VLOOKUP(PPTO!$D36,'[1]ANEXO 2 LIST PRECIOS RESUMI'!$A$11:$O$2502,2,0),0) -> A 014.002.003 | D36: 404 | E36: 2.4.1 | G36: =+VLOOKUP(PPTO!$D36,'[1]ANEXO 2 LIST PRECIOS RESUMI'!$A$11:$O$2502,10,0) -> RELLENO MATERIAL T. MAX. 2" COMP.MECAN.selecc rio (5km) | H36: =+VLOOKUP(PPTO!$D36,'[1]ANEXO 2 LIST PRECIOS RESUMI'!$A$11:$O$2502,11,0) -> M3 | I36: 2298.02 | J36: =+VLOOKUP(PPTO!$D36,'[1]ANEXO 2 LIST PRECIOS RESUMI'!$A$11:$O$2502,15,0) -> 97155 | K36: =+ROUND(I36*J36,0.1) -> 223264133
B37: 18 | C37: =+IFERROR(VLOOKUP(PPTO!$D37,'[1]ANEXO 2 LIST PRECIOS RESUMI'!$A$11:$O$2502,2,0),0) -> V 006.002.017 | D37: 1481 | E37: 2.4.2 | G37: =+VLOOKUP(PPTO!$D37,'[1]ANEXO 2 LIST PRECIOS RESUMI'!$A$11:$O$2502,10,0) -> RELLENOS MATERIAL EXCAVA(Relleno exten mecánico | H37: =+VLOOKUP(PPTO!$D37,'[1]ANEXO 2 LIST PRECIOS RESUMI'!$A$11:$O$2502,11,0) -> M3 | I37: 2969.91 | J37: =+VLOOKUP(PPTO!$D37,'[1]ANEXO 2 LIST PRECIOS RESUMI'!$A$11:$O$2502,15,0) -> 20287 | K37: =+ROUND(I37*J37,0.1) -> 60250564
E38: 3 | G38: CIMENTACIONES
E39: 3.1 | G39: BASES - SOLADOS
B40: 19 | C40: =+IFERROR(VLOOKUP(PPTO!$D40,'[1]ANEXO 2 LIST PRECIOS RESUMI'!$A$11:$O$2502,2,0),0) -> V 004.001.030 | D40: 1449 | E40: 3.1.1 | G40: =+VLOOKUP(PPTO!$D40,'[1]ANEXO 2 LIST PRECIOS RESUMI'!$A$11:$O$2502,10,0) -> CONCRET013,8 MPa, (2000 psi), solado, conc limpie | H40: =+VLOOKUP(PPTO!$D40,'[1]ANEXO 2 LIST PRECIOS RESUMI'!$A$11:$O$2502,11,0) -> M3 | I40: 146.42 | J40: =+VLOOKUP(PPTO!$D40,'[1]ANEXO 2 LIST PRECIOS RESUMI'!$A$11:$O$2502,15,0) -> 577106 | K40: =+ROUND(I40*J40,0.1) -> 84499861
E41: 3.2 | G41: ZAPATAS CORRIDAS-AISLADAS | K41: =+ROUND(I41*J41,0.1) -> 0
B42: 20 | C42: =+IFERROR(VLOOKUP(PPTO!$D42,'[1]ANEXO 2 LIST PRECIOS RESUMI'!$A$11:$O$2502,2,0),0) -> A 003.003.001 | D42: 86 | E42: 3.2.1 | G42: =+VLOOKUP(PPTO!$D42,'[1]ANEXO 2 LIST PRECIOS RESUMI'!$A$11:$O$2502,10,0) -> CONCRETO ZAPATA 20.7MPa,(3000 psi) No inc hierro. | H42: =+VLOOKUP(PPTO!$D42,'[1]ANEXO 2 LIST PRECIOS RESUMI'!$A$11:$O$2502,11,0) -> M3 | I42: 1938.26 | J42: =+VLOOKUP(PPTO!$D42,'[1]ANEXO 2 LIST PRECIOS RESUMI'!$A$11:$O$2502,15,0) -> 843578 | K42: =+ROUND(I42*J42,0.1) -> 1635073494
E43: 3.3 | G43: VIGAS CIMENTACION
B44: 21 | C44: =+IFERROR(VLOOKUP(PPTO!$D44,'[1]ANEXO 2 LIST PRECIOS RESUMI'!$A$11:$O$2502,2,0),0) -> A 003.004.006 | D44: 1877 | E44: 3.3.1 | G44: =+VLOOKUP(PPTO!$D44,'[1]ANEXO 2 LIST PRECIOS RESUMI'!$A$11:$O$2502,10,0) -> VIGA CIMENTACION O.30X0.30 M CONCRETO 20.7 MPA (3000 PSI) INCLUYE REFUERZO 6 D=1/2+F3/8 C/15 (Cerramiento) | H44: =+VLOOKUP(PPTO!$D44,'[1]ANEXO 2 LIST PRECIOS RESUMI'!$A$11:$O$2502,11,0) -> ML | I44: 511.4 | J44: =+VLOOKUP(PPTO!$D44,'[1]ANEXO 2 LIST PRECIOS RESUMI'!$A$11:$O$2502,15,0) -> 178541 | K44: =+ROUND(I44*J44,0.1) -> 91305867
B45: 22 | C45: =+IFERROR(VLOOKUP(PPTO!$D45,'[1]ANEXO 2 LIST PRECIOS RESUMI'!$A$11:$O$2502,2,0),0) -> A 003.004.001 | D45: 89 | E45: 3.3.2 | G45: =+VLOOKUP(PPTO!$D45,'[1]ANEXO 2 LIST PRECIOS RESUMI'!$A$11:$O$2502,10,0) -> CONCRETO VIGA CIMENTA .20,7MPa,(3000 PSI) | H45: =+VLOOKUP(PPTO!$D45,'[1]ANEXO 2 LIST PRECIOS RESUMI'!$A$11:$O$2502,11,0) -> M3 | I45: 528.76 | J45: =+VLOOKUP(PPTO!$D45,'[1]ANEXO 2 LIST PRECIOS RESUMI'!$A$11:$O$2502,15,0) -> 904673 | K45: =+ROUND(I45*J45,0.1) -> 478354895
E46: 3.4 | G46: ACEROS DE REFUERZO CIMENTACION
B47: 23 | C47: =+IFERROR(VLOOKUP(PPTO!$D47,'[1]ANEXO 2 LIST PRECIOS RESUMI'!$A$11:$O$2502,2,0),0) -> A 005.001.001 | D47: 134 | E47: 3.4.1 | G47: =+VLOOKUP(PPTO!$D47,'[1]ANEXO 2 LIST PRECIOS RESUMI'!$A$11:$O$2502,10,0) -> ACERO REFUERZO FIGURADO 412MPa, (4200 kg/cm2,G60) | H47: =+VLOOKUP(PPTO!$D47,'[1]ANEXO 2 LIST PRECIOS RESUMI'!$A$11:$O$2502,11,0) -> KG | I47: 114581.77 | J47: =+VLOOKUP(PPTO!$D47,'[1]ANEXO 2 LIST PRECIOS RESUMI'!$A$11:$O$2502,15,0) -> 9454 | K47: =+ROUND(I47*J47,0.1) -> 1083256054
E48: 4 | G48: ESTRUCTURAS EN CONCRETO
E49: 4.1 | G49: COLUMNAS - COLUMNETAS CONCRETO
B50: 24 | C50: =+IFERROR(VLOOKUP(PPTO!$D50,'[1]ANEXO 2 LIST PRECIOS RESUMI'!$A$11:$O$2502,2,0),0) -> A 004.001.014 | D50: 2116 | E50: 4.1.1 | G50: =+VLOOKUP(PPTO!$D50,'[1]ANEXO 2 LIST PRECIOS RESUMI'!$A$11:$O$2502,10,0) -> COLUMNA CONCRETO 28 Mpa - 4000 psi (m3) | H50: =+VLOOKUP(PPTO!$D50,'[1]ANEXO 2 LIST PRECIOS RESUMI'!$A$11:$O$2502,11,0) -> M3 | I50: 502.84 | J50: =+VLOOKUP(PPTO!$D50,'[1]ANEXO 2 LIST PRECIOS RESUMI'!$A$11:$O$2502,15,0) -> 1171037 | K50: =+ROUND(I50*J50,0.1) -> 588844245
B51: 25 | C51: =+IFERROR(VLOOKUP(PPTO!$D51,'[1]ANEXO 2 LIST PRECIOS RESUMI'!$A$11:$O$2502,2,0),0) -> A 004.001.008x | D51: 1878 | E51: 4.1.2 | G51: =+VLOOKUP(PPTO!$D51,'[1]ANEXO 2 LIST PRECIOS RESUMI'!$A$11:$O$2502,10,0) -> COLUMNA CONFIN. CONC.20.7MPa .12x.20 D=4 de 1/2", Fle 3/8" (ml) | H51: =+VLOOKUP(PPTO!$D51,'[1]ANEXO 2 LIST PRECIOS RESUMI'!$A$11:$O$2502,11,0) -> ML | I51: 1943.33 | J51: =+VLOOKUP(PPTO!$D51,'[1]ANEXO 2 LIST PRECIOS RESUMI'!$A$11:$O$2502,15,0) -> 97426 | K51: =+ROUND(I51*J51,0.1) -> 189330869
B52: 26 | C52: =+IFERROR(VLOOKUP(PPTO!$D52,'[1]ANEXO 2 LIST PRECIOS RESUMI'!$A$11:$O$2502,2,0),0) -> A 004.001.009x | D52: 1879 | E52: 4.1.3 | G52: =+VLOOKUP(PPTO!$D52,'[1]ANEXO 2 LIST PRECIOS RESUMI'!$A$11:$O$2502,10,0) -> COLUMNA 0.20 X 0.25 M CONCRETO 20.7 MPA (3000 PSI) INCLUYE REFUERZO 4D=1/2"+F3/8" c/.15 (Cerramiento) | H52: =+VLOOKUP(PPTO!$D52,'[1]ANEXO 2 LIST PRECIOS RESUMI'!$A$11:$O$2502,11,0) -> ML | I52: 107.2 | J52: =+VLOOKUP(PPTO!$D52,'[1]ANEXO 2 LIST PRECIOS RESUMI'!$A$11:$O$2502,15,0) -> 140966 | K52: =+ROUND(I52*J52,0.1) -> 15111555
E53: 4.2 | G53: MUROS CONCRETO
B54: 27 | C54: =+IFERROR(VLOOKUP(PPTO!$D54,'[1]ANEXO 2 LIST PRECIOS RESUMI'!$A$11:$O$2502,2,0),0) -> A 007.003.017 | D54: 1880 | E54: 4.2.1 | G54: =+VLOOKUP(PPTO!$D54,'[1]ANEXO 2 LIST PRECIOS RESUMI'!$A$11:$O$2502,10,0) -> MURO PANTALLA CONCRETO A LA VISTA 21 MPa - 3000 PSI e=10-40 cm | H54: =+VLOOKUP(PPTO!$D54,'[1]ANEXO 2 LIST PRECIOS RESUMI'!$A$11:$O$2502,11,0) -> M3 | I54: 726.29 | J54: =+VLOOKUP(PPTO!$D54,'[1]ANEXO 2 LIST PRECIOS RESUMI'!$A$11:$O$2502,15,0) -> 1071314 | K54: =+ROUND(I54*J54,0.1) -> 778084645
B55: 28 | C55: =+IFERROR(VLOOKUP(PPTO!$D55,'[1]ANEXO 2 LIST PRECIOS RESUMI'!$A$11:$O$2502,2,0),0) -> A 007.003.018 | D55: 1881 | E55: 4.2.2 | G55: =+VLOOKUP(PPTO!$D55,'[1]ANEXO 2 LIST PRECIOS RESUMI'!$A$11:$O$2502,10,0) -> MURO DE CONTENCION CONCRETO 20.7 MPa - 3000 PSI e=20 cm | H55: =+VLOOKUP(PPTO!$D55,'[1]ANEXO 2 LIST PRECIOS RESUMI'!$A$11:$O$2502,11,0) -> M3 | I55: 34.92 | J55: =+VLOOKUP(PPTO!$D55,'[1]ANEXO 2 LIST PRECIOS RESUMI'!$A$11:$O$2502,15,0) -> 1071314 | K55: =+ROUND(I55*J55,0.1) -> 37410285
B56: 29 | C56: =+IFERROR(VLOOKUP(PPTO!$D56,'[1]ANEXO 2 LIST PRECIOS RESUMI'!$A$11:$O$2502,2,0),0) -> A 007.003.019 | D56: 1882 | E56: 4.2.3 | G56: =+VLOOKUP(PPTO!$D56,'[1]ANEXO 2 LIST PRECIOS RESUMI'!$A$11:$O$2502,10,0) -> MURO DIVISION BAÑO CONCRETO 20.7 MPa-3000PSI e=10cm, Inc. Malla | H56: =+VLOOKUP(PPTO!$D56,'[1]ANEXO 2 LIST PRECIOS RESUMI'!$A$11:$O$2502,11,0) -> M3 | I56: 14.08 | J56: =+VLOOKUP(PPTO!$D56,'[1]ANEXO 2 LIST PRECIOS RESUMI'!$A$11:$O$2502,15,0) -> 1280074 | K56: =+ROUND(I56*J56,0.1) -> 18023442
B57: 30 | C57: =+IFERROR(VLOOKUP(PPTO!$D57,'[1]ANEXO 2 LIST PRECIOS RESUMI'!$A$11:$O$2502,2,0),0) -> A 007.003.020 | D57: 1883 | E57: 4.2.4 | G57: =+VLOOKUP(PPTO!$D57,'[1]ANEXO 2 LIST PRECIOS RESUMI'!$A$11:$O$2502,10,0) -> MURO CUCHILLA CONCRETO 21 MPa - 3000 PSI e=15 cm | H57: =+VLOOKUP(PPTO!$D57,'[1]ANEXO 2 LIST PRECIOS RESUMI'!$A$11:$O$2502,11,0) -> M3 | I57: 355.46 | J57: =+VLOOKUP(PPTO!$D57,'[1]ANEXO 2 LIST PRECIOS RESUMI'!$A$11:$O$2502,15,0) -> 1310293 | K57: =+ROUND(I57*J57,0.1) -> 465756750
B58: 31 | C58: =+IFERROR(VLOOKUP(PPTO!$D58,'[1]ANEXO 2 LIST PRECIOS RESUMI'!$A$11:$O$2502,2,0),0) -> A 007.003.021 | D58: 1884 | E58: 4.2.5 | G58: =+VLOOKUP(PPTO!$D58,'[1]ANEXO 2 LIST PRECIOS RESUMI'!$A$11:$O$2502,10,0) -> MURO VIGA-CANAL CONCRETO 21 MPa - 3000 PSI e=10 cm | H58: =+VLOOKUP(PPTO!$D58,'[1]ANEXO 2 LIST PRECIOS RESUMI'!$A$11:$O$2502,11,0) -> M3 | I58: 109.26 | J58: =+VLOOKUP(PPTO!$D58,'[1]ANEXO 2 LIST PRECIOS RESUMI'!$A$11:$O$2502,15,0) -> 1071218 | K58: =+ROUND(I58*J58,0.1) -> 117041279
B59: 32 | C59: =+IFERROR(VLOOKUP(PPTO!$D59,'[1]ANEXO 2 LIST PRECIOS RESUMI'!$A$11:$O$2502,2,0),0) -> A 007.003.022 | D59: 1885 | E59: 4.2.6 | G59: =+VLOOKUP(PPTO!$D59,'[1]ANEXO 2 LIST PRECIOS RESUMI'!$A$11:$O$2502,10,0) -> MURO MACHON GRAD. CONCRETO A LA VISTA 21 MPa - 3000 PSI e=10-40 cm | H59: =+VLOOKUP(PPTO!$D59,'[1]ANEXO 2 LIST PRECIOS RESUMI'!$A$11:$O$2502,11,0) -> M3 | I59: 11.64 | J59: =+VLOOKUP(PPTO!$D59,'[1]ANEXO 2 LIST PRECIOS RESUMI'!$A$11:$O$2502,15,0) -> 1071218 | K59: =+ROUND(I59*J59,0.1) -> 12468978
B60: 33 | C60: =+IFERROR(VLOOKUP(PPTO!$D60,'[1]ANEXO 2 LIST PRECIOS RESUMI'!$A$11:$O$2502,2,0),0) -> A 007.003.023 | D60: 1886 | E60: 4.2.7 | G60: =+VLOOKUP(PPTO!$D60,'[1]ANEXO 2 LIST PRECIOS RESUMI'!$A$11:$O$2502,10,0) -> MURO SOP. MALLA CONCR. A LA VISTA 21 MPa - 3000 PSI e=12 cm | H60: =+VLOOKUP(PPTO!$D60,'[1]ANEXO 2 LIST PRECIOS RESUMI'!$A$11:$O$2502,11,0) -> M3 | I60: 4.86 | J60: =+VLOOKUP(PPTO!$D60,'[1]ANEXO 2 LIST PRECIOS RESUMI'!$A$11:$O$2502,15,0) -> 1071218 | K60: =+ROUND(I60*J60,0.1) -> 5206119
E61: 4.3 | G61: VIGAS - VIGUETAS CONCRETO
B62: 34 | C62: =+IFERROR(VLOOKUP(PPTO!$D62,'[1]ANEXO 2 LIST PRECIOS RESUMI'!$A$11:$O$2502,2,0),0) -> A 003.004.009 | D62: 2117 | E62: 4.3.1 | G62: =+VLOOKUP(PPTO!$D62,'[1]ANEXO 2 LIST PRECIOS RESUMI'!$A$11:$O$2502,10,0) -> VIGA AEREA AMARRE CONCRETO 20.7 Mpa - 3000 Psi en obra | H62: =+VLOOKUP(PPTO!$D62,'[1]ANEXO 2 LIST PRECIOS RESUMI'!$A$11:$O$2502,11,0) -> M3 | I62: 1241.67 | J62: =+VLOOKUP(PPTO!$D62,'[1]ANEXO 2 LIST PRECIOS RESUMI'!$A$11:$O$2502,15,0) -> 1083979 | K62: =+ROUND(I62*J62,0.1) -> 1345944205
B63: 35 | C63: =+IFERROR(VLOOKUP(PPTO!$D63,'[1]ANEXO 2 LIST PRECIOS RESUMI'!$A$11:$O$2502,2,0),0) -> A 003.004.007 | D63: 1887 | E63: 4.3.2 | G63: =+VLOOKUP(PPTO!$D63,'[1]ANEXO 2 LIST PRECIOS RESUMI'!$A$11:$O$2502,10,0) -> VIGA CONFIN. CONC. 20.7MPa .12x.20 D4 de 3/8" Fle 1/4" (ml) | H63: =+VLOOKUP(PPTO!$D63,'[1]ANEXO 2 LIST PRECIOS RESUMI'!$A$11:$O$2502,11,0) -> ML | I63: 1083.14 | J63: =+VLOOKUP(PPTO!$D63,'[1]ANEXO 2 LIST PRECIOS RESUMI'!$A$11:$O$2502,15,0) -> 75092 | K63: =+ROUND(I63*J63,0.1) -> 81335149
B64: 36 | C64: =+IFERROR(VLOOKUP(PPTO!$D64,'[1]ANEXO 2 LIST PRECIOS RESUMI'!$A$11:$O$2502,2,0),0) -> A 003.004.008 | D64: 1888 | E64: 4.3.3 | G64: =+VLOOKUP(PPTO!$D64,'[1]ANEXO 2 LIST PRECIOS RESUMI'!$A$11:$O$2502,10,0) -> VIGA-CINTA. CONC. 20.7MPa .12x.08 D2 de 1/2" Fle 3/8" (ml) | H64: =+VLOOKUP(PPTO!$D64,'[1]ANEXO 2 LIST PRECIOS RESUMI'!$A$11:$O$2502,11,0) -> ML | I64: 7.5 | J64: =+VLOOKUP(PPTO!$D64,'[1]ANEXO 2 LIST PRECIOS RESUMI'!$A$11:$O$2502,15,0) -> 51867 | K64: =+ROUND(I64*J64,0.1) -> 389003
E65: 4.4 | G65: PLACAS ENTREPISO
B66: 37 | C66: =+IFERROR(VLOOKUP(PPTO!$D66,'[1]ANEXO 2 LIST PRECIOS RESUMI'!$A$11:$O$2502,2,0),0) -> A 030.002.136 | D66: 1889 | E66: 4.4.1 | G66: =+VLOOKUP(PPTO!$D66,'[1]ANEXO 2 LIST PRECIOS RESUMI'!$A$11:$O$2502,10,0) -> PLACA CONCRETO 20.7 Mpa E=12cm INCLUYE LAMINA METALDECK 2" cal.22, MALLA ELECTROSOLDADA | H66: =+VLOOKUP(PPTO!$D66,'[1]ANEXO 2 LIST PRECIOS RESUMI'!$A$11:$O$2502,11,0) -> M2 | I66: 6522.58 | J66: =+VLOOKUP(PPTO!$D66,'[1]ANEXO 2 LIST PRECIOS RESUMI'!$A$11:$O$2502,15,0) -> 222747 | K66: =+ROUND(I66*J66,0.1) -> 1452885127
E67: 4.5 | G67: ESCALERAS EN CONCRETO
B68: 38 | C68: =+IFERROR(VLOOKUP(PPTO!$D68,'[1]ANEXO 2 LIST PRECIOS RESUMI'!$A$11:$O$2502,2,0),0) -> A 030.002.137 | D68: 1890 | E68: 4.5.1 | G68: =+VLOOKUP(PPTO!$D68,'[1]ANEXO 2 LIST PRECIOS RESUMI'!$A$11:$O$2502,10,0) -> ESCALERA MACIZA DOS TRAMO | H68: =+VLOOKUP(PPTO!$D68,'[1]ANEXO 2 LIST PRECIOS RESUMI'!$A$11:$O$2502,11,0) -> M3 | I68: 45.51 | J68: =+VLOOKUP(PPTO!$D68,'[1]ANEXO 2 LIST PRECIOS RESUMI'!$A$11:$O$2502,15,0) -> 1115489 | K68: =+ROUND(I68*J68,0.1) -> 50765904
E69: 4.6 | G69: PLACAS CONCRETO
B70: 39 | C70: =+IFERROR(VLOOKUP(PPTO!$D70,'[1]ANEXO 2 LIST PRECIOS RESUMI'!$A$11:$O$2502,2,0),0) -> A 030.002.138 | D70: 1891 | E70: 4.6.1 | G70: =+VLOOKUP(PPTO!$D70,'[1]ANEXO 2 LIST PRECIOS RESUMI'!$A$11:$O$2502,10,0) -> PLAQUETA ENCIMERA AULA e=.08, a=.50-.60m 4D1/2" y 4d3/8" CON. 20.7MPa (m2) | H70: =+VLOOKUP(PPTO!$D70,'[1]ANEXO 2 LIST PRECIOS RESUMI'!$A$11:$O$2502,11,0) -> M2 | I70: 279.73 | J70: =+VLOOKUP(PPTO!$D70,'[1]ANEXO 2 LIST PRECIOS RESUMI'!$A$11:$O$2502,15,0) -> 153769 | K70: =+ROUND(I70*J70,0.1) -> 43013802
B71: 40 | C71: =+IFERROR(VLOOKUP(PPTO!$D71,'[1]ANEXO 2 LIST PRECIOS RESUMI'!$A$11:$O$2502,2,0),0) -> A 030.002.139 | D71: 1892 | E71: 4.6.2 | G71: =+VLOOKUP(PPTO!$D71,'[1]ANEXO 2 LIST PRECIOS RESUMI'!$A$11:$O$2502,10,0) -> PLAQUETA VIGA-CANAL e=.12, a=.40-.50m CON. 20.7MPa, No incl. acero (m2) | H71: =+VLOOKUP(PPTO!$D71,'[1]ANEXO 2 LIST PRECIOS RESUMI'!$A$11:$O$2502,11,0) -> M2 | I71: 155.47 | J71: =+VLOOKUP(PPTO!$D71,'[1]ANEXO 2 LIST PRECIOS RESUMI'!$A$11:$O$2502,15,0) -> 111071 | K71: =+ROUND(I71*J71,0.1) -> 17268208
B72: 41 | C72: =+IFERROR(VLOOKUP(PPTO!$D72,'[1]ANEXO 2 LIST PRECIOS RESUMI'!$A$11:$O$2502,2,0),0) -> A 030.002.140 | D72: 1893 | E72: 4.6.3 | G72: =+VLOOKUP(PPTO!$D72,'[1]ANEXO 2 LIST PRECIOS RESUMI'!$A$11:$O$2502,10,0) -> PLAQUETA ENCIMERA BAÑO e=.08, a=.50-.60m 4D1/2" y 4d3/8" CON. 20.7MPa (m2) | H72: =+VLOOKUP(PPTO!$D72,'[1]ANEXO 2 LIST PRECIOS RESUMI'!$A$11:$O$2502,11,0) -> M2 | I72: 37.02 | J72: =+VLOOKUP(PPTO!$D72,'[1]ANEXO 2 LIST PRECIOS RESUMI'!$A$11:$O$2502,15,0) -> 153680 | K72: =+ROUND(I72*J72,0.1) -> 5689234
B73: 42 | C73: =+IFERROR(VLOOKUP(PPTO!$D73,'[1]ANEXO 2 LIST PRECIOS RESUMI'!$A$11:$O$2502,2,0),0) -> A 030.002.141 | D73: 1894 | E73: 4.6.4 | G73: =+VLOOKUP(PPTO!$D73,'[1]ANEXO 2 LIST PRECIOS RESUMI'!$A$11:$O$2502,10,0) -> PLACA GRAD.e=0.10 CONCRET. 20.7 MPa-3000 psi (m3) | H73: =+VLOOKUP(PPTO!$D73,'[1]ANEXO 2 LIST PRECIOS RESUMI'!$A$11:$O$2502,11,0) -> M3 | I73: 10.2 | J73: =+VLOOKUP(PPTO!$D73,'[1]ANEXO 2 LIST PRECIOS RESUMI'!$A$11:$O$2502,15,0) -> 982152 | K73: =+ROUND(I73*J73,0.1) -> 10017950
E74: 4.7 | G74: DINTELES - ALFAJIAS - GARGOLAS
B75: 43 | C75: =+IFERROR(VLOOKUP(PPTO!$D75,'[1]ANEXO 2 LIST PRECIOS RESUMI'!$A$11:$O$2502,2,0),0) -> A 004.006.002 | D75: 128 | E75: 4.7.1 | G75: =+VLOOKUP(PPTO!$D75,'[1]ANEXO 2 LIST PRECIOS RESUMI'!$A$11:$O$2502,10,0) -> ALFAJIA 20,7MPa,3000psi,a=25cm,h=7cm 2D1/2+f3/8") | H75: =+VLOOKUP(PPTO!$D75,'[1]ANEXO 2 LIST PRECIOS RESUMI'!$A$11:$O$2502,11,0) -> ML | I75: 1387.06 | J75: =+VLOOKUP(PPTO!$D75,'[1]ANEXO 2 LIST PRECIOS RESUMI'!$A$11:$O$2502,15,0) -> 67913 | K75: =+ROUND(I75*J75,0.1) -> 94199406
B76: 44 | C76: =+IFERROR(VLOOKUP(PPTO!$D76,'[1]ANEXO 2 LIST PRECIOS RESUMI'!$A$11:$O$2502,2,0),0) -> A 004.006.008 | D76: 1895 | E76: 4.7.2 | G76: =+VLOOKUP(PPTO!$D76,'[1]ANEXO 2 LIST PRECIOS RESUMI'!$A$11:$O$2502,10,0) -> GARGOLA PREFAB. CONCR. | H76: =+VLOOKUP(PPTO!$D76,'[1]ANEXO 2 LIST PRECIOS RESUMI'!$A$11:$O$2502,11,0) -> UN | I76: 72 | J76: =+VLOOKUP(PPTO!$D76,'[1]ANEXO 2 LIST PRECIOS RESUMI'!$A$11:$O$2502,15,0) -> 58354 | K76: =+ROUND(I76*J76,0.1) -> 4201488
E77: 4.8 | G77: CUNETAS
B78: 45 | C78: =+IFERROR(VLOOKUP(PPTO!$D78,'[1]ANEXO 2 LIST PRECIOS RESUMI'!$A$11:$O$2502,2,0),0) -> A 030.003.060 | D78: 1896 | E78: 4.8.1 | G78: =+VLOOKUP(PPTO!$D78,'[1]ANEXO 2 LIST PRECIOS RESUMI'!$A$11:$O$2502,10,0) -> CUNETA CONCRETO 40X50 cm e=.10 (ml)Incl. 6D1/2" y Flej. 3/8" | H78: =+VLOOKUP(PPTO!$D78,'[1]ANEXO 2 LIST PRECIOS RESUMI'!$A$11:$O$2502,11,0) -> ML | I78: 71.4 | J78: =+VLOOKUP(PPTO!$D78,'[1]ANEXO 2 LIST PRECIOS RESUMI'!$A$11:$O$2502,15,0) -> 183586 | K78: =+ROUND(I78*J78,0.1) -> 13108040
E79: 4.9 | G79: ACERO REFUERZO ESTRUCTURA
B80: 46 | C80: =+IFERROR(VLOOKUP(PPTO!$D80,'[1]ANEXO 2 LIST PRECIOS RESUMI'!$A$11:$O$2502,2,0),0) -> A 005.001.001 | D80: 134 | E80: 4.9.1 | G80: =+VLOOKUP(PPTO!$D80,'[1]ANEXO 2 LIST PRECIOS RESUMI'!$A$11:$O$2502,10,0) -> ACERO REFUERZO FIGURADO 412MPa, (4200 kg/cm2,G60) | H80: =+VLOOKUP(PPTO!$D80,'[1]ANEXO 2 LIST PRECIOS RESUMI'!$A$11:$O$2502,11,0) -> KG | I80: 397926.77 | J80: =+VLOOKUP(PPTO!$D80,'[1]ANEXO 2 LIST PRECIOS RESUMI'!$A$11:$O$2502,15,0) -> 9454 | K80: =+ROUND(I80*J80,0.1) -> 3761999684
E81: 5 | G81: ESTRUCTURAS METALICAS
E82: 5.1 | G82: COLUMNA METALICA ASTM
B83: 47 | C83: =+IFERROR(VLOOKUP(PPTO!$D83,'[1]ANEXO 2 LIST PRECIOS RESUMI'!$A$11:$O$2502,2,0),0) -> A 004.001.010 | D83: 1897 | E83: 5.1.1 | G83: =+VLOOKUP(PPTO!$D83,'[1]ANEXO 2 LIST PRECIOS RESUMI'!$A$11:$O$2502,10,0) -> COLUMNA TUBO D=2"x2.5mm. ASTM A-500 GC, Incluye suminist, pint, montaje (ml) | H83: =+VLOOKUP(PPTO!$D83,'[1]ANEXO 2 LIST PRECIOS RESUMI'!$A$11:$O$2502,11,0) -> ML | I83: 80.77 | J83: =+VLOOKUP(PPTO!$D83,'[1]ANEXO 2 LIST PRECIOS RESUMI'!$A$11:$O$2502,15,0) -> 59541 | K83: =+ROUND(I83*J83,0.1) -> 4809127
B84: 48 | C84: =+IFERROR(VLOOKUP(PPTO!$D84,'[1]ANEXO 2 LIST PRECIOS RESUMI'!$A$11:$O$2502,2,0),0) -> A 004.001.011 | D84: 1898 | E84: 5.1.2 | G84: =+VLOOKUP(PPTO!$D84,'[1]ANEXO 2 LIST PRECIOS RESUMI'!$A$11:$O$2502,10,0) -> COLUMNA TUBO D=6"x6mm. ASTM A-500 GC, Incluye suminist, pint, montaje (ml) | H84: =+VLOOKUP(PPTO!$D84,'[1]ANEXO 2 LIST PRECIOS RESUMI'!$A$11:$O$2502,11,0) -> ML | I84: 193.2 | J84: =+VLOOKUP(PPTO!$D84,'[1]ANEXO 2 LIST PRECIOS RESUMI'!$A$11:$O$2502,15,0) -> 370768 | K84: =+ROUND(I84*J84,0.1) -> 71632378
B85: 49 | C85: =+IFERROR(VLOOKUP(PPTO!$D85,'[1]ANEXO 2 LIST PRECIOS RESUMI'!$A$11:$O$2502,2,0),0) -> A 004.001.012 | D85: 1899 | E85: 5.1.3 | G85: =+VLOOKUP(PPTO!$D85,'[1]ANEXO 2 LIST PRECIOS RESUMI'!$A$11:$O$2502,10,0) -> COLUMNA TUBO D=8"x8.2mm. ASTM A-500 GC, Incluye suminist, pint, montaje (ml) | H85: =+VLOOKUP(PPTO!$D85,'[1]ANEXO 2 LIST PRECIOS RESUMI'!$A$11:$O$2502,11,0) -> ML | I85: 83.6 | J85: =+VLOOKUP(PPTO!$D85,'[1]ANEXO 2 LIST PRECIOS RESUMI'!$A$11:$O$2502,15,0) -> 623146 | K85: =+ROUND(I85*J85,0.1) -> 52095006
E86: 5.2 | G86: CELOSIAS-CERCHAS MET. ASTM
E87: 5.2.1 | G87: ANCLAJE ESTRUCTURA METALICA
B88: 50 | C88: =+IFERROR(VLOOKUP(PPTO!$D88,'[1]ANEXO 2 LIST PRECIOS RESUMI'!$A$11:$O$2502,2,0),0) -> A 005.004.006 | D88: 152 | E88: 5.2.1.1 | G88: =+VLOOKUP(PPTO!$D88,'[1]ANEXO 2 LIST PRECIOS RESUMI'!$A$11:$O$2502,10,0) -> CONTRAVIENTOS D= 1/2 , INCLUYE ANTICORR. Y PINTU | H88: =+VLOOKUP(PPTO!$D88,'[1]ANEXO 2 LIST PRECIOS RESUMI'!$A$11:$O$2502,11,0) -> ML | I88: 574.7 | J88: =+VLOOKUP(PPTO!$D88,'[1]ANEXO 2 LIST PRECIOS RESUMI'!$A$11:$O$2502,15,0) -> 14022 | K88: =+ROUND(I88*J88,0.1) -> 8058443
B89: 51 | C89: =+IFERROR(VLOOKUP(PPTO!$D89,'[1]ANEXO 2 LIST PRECIOS RESUMI'!$A$11:$O$2502,2,0),0) -> A 029.001.227 | D89: 1900 | E89: 5.2.1.2 | G89: =+VLOOKUP(PPTO!$D89,'[1]ANEXO 2 LIST PRECIOS RESUMI'!$A$11:$O$2502,10,0) -> ANCLAJE ESTRUCTURA, Incluye platinas, angulos, pernos, pint, (ml) | H89: =+VLOOKUP(PPTO!$D89,'[1]ANEXO 2 LIST PRECIOS RESUMI'!$A$11:$O$2502,11,0) -> KG | I89: 1173.39 | J89: =+VLOOKUP(PPTO!$D89,'[1]ANEXO 2 LIST PRECIOS RESUMI'!$A$11:$O$2502,15,0) -> 17764 | K89: =+ROUND(I89*J89,0.1) -> 20844100
E90: 5.2.2 | G90: ANGULOS DE REFUERZO EN CELOCIAS
B91: 52 | C91: =+IFERROR(VLOOKUP(PPTO!$D91,'[1]ANEXO 2 LIST PRECIOS RESUMI'!$A$11:$O$2502,2,0),0) -> A 029.001.228 | D91: 1901 | E91: 5.2.2.1 | G91: =+VLOOKUP(PPTO!$D91,'[1]ANEXO 2 LIST PRECIOS RESUMI'!$A$11:$O$2502,10,0) -> REFUEZO ANGULO 2*3/16". ASTM A-36 GC, Incluye suminist, pint, montaje (ml) | H91: =+VLOOKUP(PPTO!$D91,'[1]ANEXO 2 LIST PRECIOS RESUMI'!$A$11:$O$2502,11,0) -> ML | I91: 81.54 | J91: =+VLOOKUP(PPTO!$D91,'[1]ANEXO 2 LIST PRECIOS RESUMI'!$A$11:$O$2502,15,0) -> 77543 | K91: =+ROUND(I91*J91,0.1) -> 6322856
E92: 5.2.3 | G92: CORDON RIOSTRA ESTABILIDAD
B93: 53 | C93: =+IFERROR(VLOOKUP(PPTO!$D93,'[1]ANEXO 2 LIST PRECIOS RESUMI'!$A$11:$O$2502,2,0),0) -> A 029.001.229 | D93: 1902 | E93: 5.2.3.1 | G93: =+VLOOKUP(PPTO!$D93,'[1]ANEXO 2 LIST PRECIOS RESUMI'!$A$11:$O$2502,10,0) -> TUBO HSS D=4"x3mm. ASTM A-500 GC, Incluye suminist, pint, montaje (ml) | H93: =+VLOOKUP(PPTO!$D93,'[1]ANEXO 2 LIST PRECIOS RESUMI'!$A$11:$O$2502,11,0) -> ML | I93: 62.5 | J93: =+VLOOKUP(PPTO!$D93,'[1]ANEXO 2 LIST PRECIOS RESUMI'!$A$11:$O$2502,15,0) -> 152768 | K93: =+ROUND(I93*J93,0.1) -> 9548000
E94: 5.2.4 | G94: CORDON SUPERIOR-INFERIOR EN CELOCIAS
B95: 54 | C95: =+IFERROR(VLOOKUP(PPTO!$D95,'[1]ANEXO 2 LIST PRECIOS RESUMI'!$A$11:$O$2502,2,0),0) -> A 029.001.230 | D95: 1903 | E95: 5.2.4.1 | G95: =+VLOOKUP(PPTO!$D95,'[1]ANEXO 2 LIST PRECIOS RESUMI'!$A$11:$O$2502,10,0) -> TUBO HSS D=2.5"x2.5mm. ASTM A-500 GC, Incluye suminist, pint, montaje (ml) | H95: =+VLOOKUP(PPTO!$D95,'[1]ANEXO 2 LIST PRECIOS RESUMI'!$A$11:$O$2502,11,0) -> ML | I95: 187.5 | J95: =+VLOOKUP(PPTO!$D95,'[1]ANEXO 2 LIST PRECIOS RESUMI'!$A$11:$O$2502,15,0) -> 98871 | K95: =+ROUND(I95*J95,0.1) -> 18538313
B96: 55 | C96: =+IFERROR(VLOOKUP(PPTO!$D96,'[1]ANEXO 2 LIST PRECIOS RESUMI'!$A$11:$O$2502,2,0),0) -> A 029.001.231 | D96: 1904 | E96: 5.2.4.2 | G96: =+VLOOKUP(PPTO!$D96,'[1]ANEXO 2 LIST PRECIOS RESUMI'!$A$11:$O$2502,10,0) -> TUBO HSS D=3"x2.5mm. ASTM A-500 GC, Incluye suminist, pint, montaje (ml) | H96: =+VLOOKUP(PPTO!$D96,'[1]ANEXO 2 LIST PRECIOS RESUMI'!$A$11:$O$2502,11,0) -> ML | I96: 106.32 | J96: =+VLOOKUP(PPTO!$D96,'[1]ANEXO 2 LIST PRECIOS RESUMI'!$A$11:$O$2502,15,0) -> 111013 | K96: =+ROUND(I96*J96,0.1) -> 11802902
B97: 56 | C97: =+IFERROR(VLOOKUP(PPTO!$D97,'[1]ANEXO 2 LIST PRECIOS RESUMI'!$A$11:$O$2502,2,0),0) -> A 029.001.232 | D97: 1905 | E97: 5.2.4.3 | G97: =+VLOOKUP(PPTO!$D97,'[1]ANEXO 2 LIST PRECIOS RESUMI'!$A$11:$O$2502,10,0) -> TUBO HSS D=4"x3mm. ASTM A-500 GC, Incluye suminist, pint, montaje (ml) | H97: =+VLOOKUP(PPTO!$D97,'[1]ANEXO 2 LIST PRECIOS RESUMI'!$A$11:$O$2502,11,0) -> ML | I97: 309.69 | J97: =+VLOOKUP(PPTO!$D97,'[1]ANEXO 2 LIST PRECIOS RESUMI'!$A$11:$O$2502,15,0) -> 152768 | K97: =+ROUND(I97*J97,0.1) -> 47310722
E98: 5.2.5 | G98: MONTANTES-DIAGONALES EN CELOSIAS
B99: 57 | C99: =+IFERROR(VLOOKUP(PPTO!$D99,'[1]ANEXO 2 LIST PRECIOS RESUMI'!$A$11:$O$2502,2,0),0) -> A 029.001.233 | D99: 1906 | E99: 5.2.5.1 | G99: =+VLOOKUP(PPTO!$D99,'[1]ANEXO 2 LIST PRECIOS RESUMI'!$A$11:$O$2502,10,0) -> TUBO HSS D=2"x2.5mm. ASTM A-500 GC, Incluye suminist, pint, montaje (ml) | H99: =+VLOOKUP(PPTO!$D99,'[1]ANEXO 2 LIST PRECIOS RESUMI'!$A$11:$O$2502,11,0) -> ML | I99: 611.99 | J99: =+VLOOKUP(PPTO!$D99,'[1]ANEXO 2 LIST PRECIOS RESUMI'!$A$11:$O$2502,15,0) -> 84165 | K99: =+ROUND(I99*J99,0.1) -> 51508138
E100: 5.3 | G100: PERFILES-CORREAS MET. ASTM
B101: 58 | C101: =+IFERROR(VLOOKUP(PPTO!$D101,'[1]ANEXO 2 LIST PRECIOS RESUMI'!$A$11:$O$2502,2,0),0) -> A 029.001.234 | D101: 1907 | E101: 5.3.1 | G101: =+VLOOKUP(PPTO!$D101,'[1]ANEXO 2 LIST PRECIOS RESUMI'!$A$11:$O$2502,10,0) -> VIGA CAJON PHR 50x13x1.5mm. ASTM A-500 GC, Incluye suminist, pint, montaje (ml) | H101: =+VLOOKUP(PPTO!$D101,'[1]ANEXO 2 LIST PRECIOS RESUMI'!$A$11:$O$2502,11,0) -> ML | I101: 30.78 | J101: =+VLOOKUP(PPTO!$D101,'[1]ANEXO 2 LIST PRECIOS RESUMI'!$A$11:$O$2502,15,0) -> 52699 | K101: =+ROUND(I101*J101,0.1) -> 1622075
B102: 59 | C102: =+IFERROR(VLOOKUP(PPTO!$D102,'[1]ANEXO 2 LIST PRECIOS RESUMI'!$A$11:$O$2502,2,0),0) -> A 029.001.235 | D102: 1908 | E102: 5.3.2 | G102: =+VLOOKUP(PPTO!$D102,'[1]ANEXO 2 LIST PRECIOS RESUMI'!$A$11:$O$2502,10,0) -> VIGA CAJON PHR 50x30x1.5mm. ASTM A-500 GC, Incluye suminist, pint, montaje (ml) | H102: =+VLOOKUP(PPTO!$D102,'[1]ANEXO 2 LIST PRECIOS RESUMI'!$A$11:$O$2502,11,0) -> ML | I102: 31.78 | J102: =+VLOOKUP(PPTO!$D102,'[1]ANEXO 2 LIST PRECIOS RESUMI'!$A$11:$O$2502,15,0) -> 59486 | K102: =+ROUND(I102*J102,0.1) -> 1890465
...
